 Dungeon Crawl Stone Soup version 0.25-a0-733-gf7d8cd8a05 (webtiles) character file.

Game seed: 6521990657018805848, levelgen mode: deterministic

426100 kae the Sensei (level 22, -18/309 HPs)
             Began as a Green Draconian Transmuter on Apr 9, 2020.
             Was the Champion of Wu Jian.
             Killed from afar by a hell knight (35 damage)
             ... with a bolt of fire
             ... on level 2 of the Depths.
             The game lasted 01:27:40 (63501 turns).

kae the Sensei (Green Draconian Transmuter)        Turns: 63501, Time: 01:27:40

Health: -18/309    AC: 21    Str: 23    XL:     22   Next: 43%
Magic:  36/36      EV: 16    Int: 18    God:    Wu Jian [******]
Gold:   5462       SH:  0    Dex: 15    Spells: 8/41 levels left

rFire    . . .     SeeInvis .     - Unarmed
rCold    . . .     Gourm    .   (shield currently unavailable)
rNeg     + . .     Faith    .   (armour unavailable)
rPois    +         Spirit   .   (helmet currently unavailable)
rElec    .         Reflect  .   (cloak currently unavailable)
rCorr    .         Harm     .   (gloves currently unavailable)
MR       +....                  (boots currently unavailable)
Stlth    +.........             B - amulet of the acrobat
HPRegen  0.00/turn              W - ring of positive energy
MPRegen  0.25/turn              X - +3 ring of evasion

@: dragon-form (expiring), flying, slowed, lightly drained, very slow
A: giant, breathe noxious fumes, unfitting armour, stinger 1, blurry vision 1,
screaming 2, inhibited regeneration, weak 1, subdued magic 1, AC +11
}: 3/15 runes: barnacled, silver, gossamer
a: Breathe Noxious Fumes, End Transformation, Wall Jump, Serpent's Lash,
Heavenly Storm, Renounce Religion


You were on level 2 of the Depths.
You worshipped Wu Jian.
Wu Jian was exalted by your worship.
You were not hungry.
You were a fearsome dragon!
You visited 8 branches of the dungeon, and saw 39 of its levels.
You visited the Abyss 2 times.
You also visited: Ice Cave.

You collected 5532 gold pieces.
You spent 70 gold pieces at shops.

Inventory:

Hand Weapons
 q - the +1 whip "Vaaros" {protect, rElec rC- Dex+5 SInv}
   (You took it off an orc on level 7 of the Dungeon)

   It grants its wielder temporary protection when it strikes (+7 to AC).
   It affects your dexterity (+5).
   It makes you vulnerable to cold.
   It insulates you from electricity.
   It lets you see invisible.
Missiles
 b - 772 arrows
Armour
 e - a +2 pair of boots (melded)
 h - a +1 pair of gloves (melded)
 j - the +0 hat "Peeptegy" (melded) {+Blink rElec rC- Int+10}
   (You acquired it on level 4 of the Vaults)

   It affects your intelligence (+10).
   It makes you vulnerable to cold.
   It insulates you from electricity.
   It lets you blink.
 Z - the +2 ratskin cloak (melded) {+Rats rPois rN+ Str-1 Int-1 Dex+1}
   (You found it on level 2 of the Spider Nest)

   It affects your strength (-1).
   It affects your intelligence (-1).
   It affects your dexterity (+1).
   It protects you from poison.
   It protects you from negative energy.
Jewellery
 k - an uncursed ring of see invisible
 w - the ring of Himulut {Fire MR+}
   (You found it on level 4 of the Shoals)

   [ring of fire]

   It enhances your fire magic.
   It protects you from fire.
   It makes you vulnerable to cold.
   It affects your resistance to hostile enchantments.
 B - an amulet of the acrobat (around neck)
 D - the ring of Brilliance {Int+5 Dex+3}
   (You found it on level 9 of the Dungeon)

   [ring of intelligence]

   It affects your intelligence (+5).
   It affects your dexterity (+3).
 N - an uncursed ring of protection from magic
 U - an uncursed ring of protection from cold
 W - a ring of positive energy (left foreclaw)
 X - a +3 ring of evasion (right foreclaw)
Wands
 n - a wand of iceblast (28)
 x - a wand of paralysis (24)
 y - a wand of flame (53)
 F - a wand of acid (10)
 G - a wand of digging (5)
 H - a wand of disintegration (28)
 K - a wand of polymorph (5)
 O - a wand of enslavement (7)
 Q - a wand of clouds (15)
 R - a wand of random effects (48)
 V - a wand of scattershot (5)
Scrolls
 a - a scroll of blinking
 d - 2 scrolls of fear
 i - 25 scrolls of remove curse
 l - 10 scrolls of enchant armour
 m - 7 scrolls of amnesia
 o - 12 scrolls of fog
 t - 7 scrolls of teleportation
 J - 3 scrolls of magic mapping
 P - 12 scrolls of identify
 S - a scroll of enchant weapon
Potions
 f - 11 potions of curing
 g - 3 potions of stabbing
 p - 5 potions of haste
 r - 9 potions of flight
 s - 3 potions of magic
 u - 2 potions of invisibility
 v - 7 potions of berserk rage
 z - 3 potions of ambrosia
 A - 3 potions of might
 C - 6 potions of heal wounds
 E - 3 potions of cancellation
 I - 5 potions of brilliance
 M - 8 potions of mutation
 T - 2 potions of lignification
Comestibles
 c - 41 rations


   Skills:
 + Level 19.3(18.7) Fighting
 - Level 14.0(13.5) Dodging
 * Level 25.3(24.6) Unarmed Combat
 + Level 10.4(9.9) Spellcasting
 - Level 16.0(15.4) Transmutations


You had 8 spell levels left.
You knew the following spells:

 Your Spells              Type           Power        Failure   Level  Hunger
a - Beastly Appendage     Tmut           #####.       0%          1    None
b - Sticks to Snakes      Tmut           #####...     0%          2    None
c - Spider Form           Tmut/Pois      ####......   1%          3    None
d - Ice Form              Ice/Tmut       ####....     2%          4    ###....
e - Blade Hands           Tmut           #####.....   1%          5    #####..
f - Dragon Form           Tmut           #####.....   10%         7    #######
g - Statue Form           Tmut/Erth      ####.....    41%         6    ######.
h - Alistair's Intoxicat  Tmut/Pois      ####....     8%          5    #####..

Your spell library contained the following spells:

 Spells                   Type           Power        Failure   Level  Hunger
 Sting                    Tmut/Pois      ####         1%          1    None
 Passwall                 Tmut/Erth      ####....     1%          2    None
 Animate Skeleton         Necr           N/A          7%          1    None
 Apportation              Tloc           #.....       7%          1    None
 Corona                   Hex            #......      7%          1    None
 Foxfire                  Conj/Fire      #...         7%          1    None
 Pain                     Necr           #...         7%          1    None
 Summon Small Mammal      Summ           #...         7%          1    None
 Corpse Rot               Necr/Air       N/A          10%         2    None
 Ensorcelled Hibernation  Hex/Ice        #.....       10%         2    None
 Poisonous Vapours        Pois/Air       #.....       10%         2    None
 Slow                     Hex            #.......     10%         2    None
 Sublimation of Blood     Necr           #.........   10%         2    None
 Swiftness                Chrm/Air       #.......     10%         2    None
 Confusing Touch          Hex            #.......     21%         3    None
 Conjure Flame            Conj/Fire      #.......     21%         3    None
 Dazzling Flash           Conj/Hex       #.....       21%         3    None
 Frozen Ramparts          Ice            #.....       21%         3    None
 Inner Flame              Hex/Fire       #.......     21%         3    None
 Mephitic Cloud           Conj/Pois/Air  #.......     21%         3    None
 Portal Projectile        Hex/Tloc       #.....       21%         3    None
 Recall                   Summ/Tloc      N/A          21%         3    None
 Tukima's Dance           Hex            #.......     21%         3    None
 Vampiric Draining        Necr           #.........   21%         3    None
 Animate Dead             Necr           N/A          58%         4    ###....
 Cause Fear               Hex            #.........   58%         4    ###....
 Dispel Undead            Necr           #.......     58%         4    ###....
 Leda's Liquefaction      Hex/Erth       #.........   58%         4    ###....
 Passage of Golubria      Tloc           N/A          58%         4    ###....
 Sticky Flame             Conj/Fire      #.......     58%         4    ###....
 Agony                    Necr           #.......     90%         5    #####..
 Bolt of Magma            Conj/Fire/Erth #.........   90%         5    #####..
 Borgnjor's Vile Clutch   Necr/Erth      #.........   90%         5    #####..
 Excruciating Wounds      Chrm/Necr      #.........   90%         5    #####..
 Lee's Rapid Deconstruct  Erth           #.........   90%         5    #####..
 Metabolic Englaciation   Hex/Ice        #.........   90%         5    #####..
 Darkness                 Hex            #.........   100%        6    ######.
 Death Channel            Necr           #.........   100%        6    ######.
 Freezing Cloud           Conj/Ice/Air   #.........   100%        6    ######.
 Invisibility             Hex            #.......     100%        6    ######.
 Iron Shot                Conj/Erth      #.........   100%        6    ######.
 Ozocubu's Refrigeration  Ice            #.........   100%        6    ######.
 Simulacrum               Ice/Necr       #.........   100%        6    ######.
 Ring of Flames           Chrm/Fire      #.........   100%        7    #######
 Summon Hydra             Summ           #.........   100%        7    #######
 Dragon's Call            Summ           #.........   100%        9    #######
 Shatter                  Erth           #.........   100%        9    #######


Dungeon Overview and Level Annotations

Branches:
Dungeon (15/15)            Temple (1/1) D:7            Lair (6/6) D:9
 Shoals (4/4) Lair:2       Spider (4/4) Lair:2        Slime (0/5) Lair:6
    Orc (2/2) D:12            Elf (0/3) Orc:2        Vaults (5/5) D:14
  Crypt (0/3) Vaults:2     Depths (2/5) D:15          IceCv (visited)

Altars:
Ashenzari
Cheibriados
Dithmenos
Elyvilon
Fedhas
Gozag
Hepliaklqana
Kikubaaqudgha
Makhleb
Nemelex Xobeh
Okawaru
Qazlal
Ru
Sif Muna
Trog
Uskayaw
Vehumet
Wu Jian
Xom
Yredelemnul
Zin
The Shining One
Jiyva

Shops:
D:5 [   D:7 [   D:12 [   D:14 [   Orc:2 *:(**   Shoals:1 :   Vaults:4 =

Portals:
Hell: Depths:1
Pandemonium: Orc:2 Depths:2
Trove: D:15 (give horn of Geryon)

Annotations:
Lair:2 exclusion: 3 oklob plants
Vaults:1 exclusion: door
Vaults:3 6 runed translucent doors
Vaults:4 3 runed translucent doors, Juteq's ghost, adept GnGl


Innate Abilities, Weirdness & Mutations

You can breathe blasts of noxious fumes.
Your lurid green scales are hard. (AC +11)
You cannot fit into any form of body armour.
Your tail ends in a poisonous barb.
((Your system is resistant to poisons. (rPois)))
((You are cold-blooded and may be slowed by cold attacks.))
Scrolls take you a little longer to read.
You sometimes yell uncontrollably at your foes.
You do not regenerate when monsters are visible.
You are weak. (Str -2)
Your spells are a little easier to cast, but a little less powerful.


Message History

The hell knight blinks!
You're too confused!
Unknown command.
You feel better.
The hell knight looks more healthy.
The hell knight hits you with a +4 battleaxe of flaming!
* * * LOW HITPOINT WARNING * * *
The hell knight burns you.
* * * LOW HITPOINT WARNING * * *
The tengu conjurer hits you but does no damage.
The tengu conjurer pecks you.
* * * LOW HITPOINT WARNING * * *
The tengu conjurer barely misses you. The deep troll closely misses you.
The deep troll claws you but does no damage.
The deep troll claws you!!
* * * LOW HITPOINT WARNING * * *
The hell knight completely misses you.
The hell knight gestures at you while chanting.
The bolt of fire hits the hell knight.
The hell knight completely resists.
The bolt of fire hits you!!
You die...

#..##..##
#.......#
#.......#
#..#..###
#.....##
#..#...#
##.....##
#...°.p##
+...#DT.#
+..#pQT##
#.*piTH#
#....p§#
#...P...
..........
....P.......
.......∩.P.##
..P.........


You could see a sphinx, 4 hell knights, 2 deep trolls, a spriggan air mage, a
deep troll shaman, a tengu conjurer and a battlesphere.

Vanquished Creatures
  Frederick (Vaults:2)
  3 golden dragons
  Jory (Vaults:2)
  Arachne (Spider:3)
  4 tentacled monstrosities
  6 titans
  3 tentacled starspawn
  The ghost of Juteq the Nimble, an adept GnGl of Makhleb (Vaults:3)
  A quicksilver dragon (Vaults:5)
  3 liches
  4 sphinxes
  Gastronok (Lair:2)
  A kraken (Shoals:1)
  A sphinx (shapeshifter) (Vaults:5)
  6 shadow dragons
  5 tengu reavers
  3 storm dragons
  A nagaraja (Vaults:4)
  6 fire giants
  2 deep elf sorcerers
  A cacodemon (Abyss:3)
  2 ghost moths (Spider:4)
  7 frost giants
  An iron dragon (Depths:1)
  17 vault wardens
  The ghost of Bodu the Basher, a journeyman NaFi of Ashenzari (Lair:5)
  A deep elf elementalist (Vaults:5)
  An emperor scorpion (shapeshifter) (Vaults:4)
  5 emperor scorpions
  A reaper (Abyss:3)
  7 stone giants
  15 ironheart preservers
  A war gargoyle (Vaults:5)
  7 entropy weavers
  6 very ugly things
  3 deep elf demonologists
  2 spark wasps (Spider:4)
  10 merfolk impalers
  A crystal guardian (Vaults:4)
  11 ettins
  4 merfolk javelineers
  Josephine (Shoals:1)
  Snorg (Lair:3)
  The ghost of p0werm0de the Cleaver, a journeyman DDFi of Makhleb (Orc:2)
  2 deep elf high priests (Vaults:5)
  9 ogre magi
  4 fire dragons
  A great orb of eyes (Depths:1)
  12 yaktaur captains
  9 hydras
  3 ice dragons
  3 rakshasas
  3 merfolk avatars
  38 vault guards
  9 centaur warriors
  A dancing weapon (Abyss:4)
  2 death knights
  31 two-headed ogres
  2 merfolk aquamancers
  A satyr (Shoals:4)
  A death yak (IceCv)
  A tengu warrior (Depths:1)
  A queen ant (Spider:1)
  3 spriggan berserkers (Depths:1)
  6 orc high priests (Orc:2)
  2 deep troll earth magi
  5 hell knights
  A vampire mage (Depths:1)
  3 thrashing horrors
  Nergalle (D:10)
  2 large abominations
  3 deep elf knights
  2 shadow wraiths
  A spatial maelstrom (Abyss:3)
  3 sixfirhies
  2 flayed ghosts
  4 deep trolls
  2 glowing orange brains
  An infernal demonspawn (Orc:2)
  An unseen horror (shapeshifter) (D:14)
  5 unseen horrors
  11 sea snakes
  2 starcursed masses (Abyss:3)
  A swamp dragon (Lair:6)
  2 gelid demonspawn (Orc:2)
  2 wizards
  Pikel (D:5)
  4 deep elf archers
  A torturous demonspawn (Orc:2)
  A spectral hydra (Lair:5)
  A swamp dragon (shapeshifter) (D:15)
  An obsidian statue (Orc:2)
  14 harpies
  13 orc knights
  11 ironbrand convokers
  2 phantasmal warriors
  2 necromancers
  23 orb spiders
  An oklob plant (Lair:6)
  29 ugly things
  25 wolf spiders
  10 fauns
  13 deep elf magi
  15 cyclopes
  A tengu skeleton (Vaults:4)
  10 orc sorcerers
  11 manticores
  A manticore (shapeshifter) (Vaults:4)
  2 moths of wrath
  An elephant (shapeshifter) (Depths:1)
  A cyclops (shapeshifter) (Vaults:5)
  2 centaur zombies
  7 elephants (Lair:4)
  A rust devil (Orc:2)
  An ice statue (IceCv)
  A fire giant skeleton (Vaults:4)
  10 merfolk sirens
  A black mamba (shapeshifter) (Vaults:1)
  A guardian serpent (Vaults:4)
  A black mamba (Lair:1)
  19 vault sentinels
  2 water nymphs
  A smoke demon (Abyss:3)
  Psyche (D:11)
  2 torpor snails
  7 spiny frogs
  5 orange demons
  2 gargoyles
  Maggie (D:10)
  6 rime drakes
  6 freezing wraiths
  A kobold demonologist (D:9)
  4 komodo dragons
  15 demonic crawlers
  An efreet (D:14)
  40 yaktaurs
  2 ancient zymes (Abyss:3)
  A wind drake (Shoals:1)
  2 polar bears (shapeshifter)
  A red devil (Orc:2)
  A tengu conjurer (Depths:2)
  7 trolls
  27 merfolk
  A troll (shapeshifter) (Vaults:2)
  10 hornets
  A meliai (shapeshifter) (Vaults:4)
  3 meliai (D:13)
  29 slime creatures
  A jumping spider (shapeshifter) (Vaults:2)
  20 polar bears
  5 raiju
  12 blink frogs
  Prince Ribbit (D:7)
  A blink frog (shapeshifter) (D:15)
  A raiju (shapeshifter) (Vaults:3)
  8 dream sheep
  8 hippogriffs
  38 jumping spiders
  A snapping turtle (shapeshifter) (Vaults:4)
  2 human simulacra
  14 snapping turtles
  A spectral dream sheep (Lair:5)
  A spectral black mamba (Lair:5)
  A vampire (D:14)
  25 tarantellas
  46 redbacks
  2 wyverns
  62 yaks
  3 ynoxinuls (Abyss:3)
  A spriggan (shapeshifter) (Vaults:2)
  9 water elementals
  4 wraiths
  A human (shapeshifter) (D:15)
  4 hungry ghosts
  3 basilisks
  2 steam dragons
  A chaos spawn (Abyss:3)
  2 neqoxecs
  Grum (D:11)
  Menkaure (D:7)
  A soldier ant (shapeshifter) (Vaults:3)
  7 wargs
  19 soldier ants
  7 acid dragons
  11 water moccasins
  An acid dragon (shapeshifter) (Vaults:1)
  6 ice beasts
  2 swamp drakes (Lair:6)
  A floating eye (Vaults:4)
  9 porcupines
  47 orc warriors
  A sky beast (D:13)
  A slave (D:5)
  An eye of draining (D:9)
  An ettin simulacrum (Vaults:3)
  2 phantoms
  An elf zombie (Vaults:4)
  4 necrophages
  A black bear (D:8)
  5 boggarts (Vaults:3)
  32 ogres
  16 wolves
  18 crocodiles
  34 centaurs
  A centaur (shapeshifter) (Vaults:5)
  5 small abominations (Abyss:3)
  3 big kobolds
  A wyvern zombie (D:14)
  8 bullfrogs
  7 scorpions
  15 killer bees
  An orc simulacrum (Vaults:1)
  3 wights (D:9)
  3 electric eels
  3 howler monkeys
  9 crimson imps
  2 bullfrog zombies
  A fire crab simulacrum (Lair:5)
  5 hounds
  30 orc priests
  9 centaur skeletons
  4 jellies
  2 bullfrog skeletons
  3 iguanas
  25 orc wizards
  40 worker ants
  2 hound zombies
  2 hound skeletons
  A worker ant zombie (D:6)
  14 adders
  5 shadow imps
  A white imp (Abyss:3)
  3 adder skeletons
  A worm (D:4)
  A dart slug (D:2)
  10 leopard geckos
  122 orcs
  A ball python (D:5)
  5 giant cockroaches
  9 goblins
  4 hobgoblins
  13 jackals
  12 kobolds
  4 bats
  A frilled lizard (D:3)
  A jackal skeleton (D:5)
  6 rats
  3 butterflies
  10 plants
  A starspawn tentacle (Abyss:3)
1698 creatures vanquished.

Vanquished Creatures (collateral kills)
  A hornet (Spider:2)
  An orc priest (D:3)
2 creatures vanquished.

Vanquished Creatures (others)
  A fire giant (Vaults:5)
  3 jumping spiders
  A basilisk (Lair:6)
  An orc warrior (Vaults:3)
  An orc (Vaults:3)
  A kobold (D:14)
  9 bushes (D:14)
  13 fungi
  23 plants
  7 starspawn tentacles
  4 tentacles (Shoals:1)
64 creatures vanquished.

Grand Total: 1764 creatures vanquished

Notes
Turn   | Place    | Note
-------+----------+-------------------------------------------
     0 | D:1      | kae the Draconian Transmuter began the quest for the Orb.
     0 | D:1      | Reached XP level 1. HP: 16/16 MP: 3/3
   302 | D:1      | Reached XP level 2. HP: 23/23 MP: 3/5
  1151 | D:2      | Reached XP level 3. HP: 25/28 MP: 6/6
  1155 | D:2      | Learned a level 2 spell: Sticks to Snakes
  1159 | D:2      | Learned a level 3 spell: Spider Form
  1913 | D:3      | Reached skill level 4 in Unarmed Combat
  2249 | D:3      | Reached XP level 4. HP: 32/35 MP: 5/7
  3270 | D:3      | Reached XP level 5. HP: 13/40 MP: 5/9
  3860 | D:4      | Reached skill level 5 in Unarmed Combat
  4078 | D:4      | Noticed an ogre
  4089 | D:4      | Reached XP level 6. HP: 38/47 MP: 2/10
  4674 | D:4      | Found an opulent altar of Gozag.
  4674 | D:4      | Found a sacrificial altar of Ru.
  4675 | D:4      | Found a blossoming altar of Fedhas.
  4691 | D:4      | Found an iron altar of Okawaru.
  5066 | D:5      | Entered Level 5 of the Dungeon
  5074 | D:5      | Noticed Pikel
  5074 | D:5      | Noticed a slave
  5074 | D:5      | Noticed a slave
  5077 | D:5      | Noticed a slave
  5078 | D:5      | Noticed a slave
  5090 | D:5      | Killed a slave
  5105 | D:5      | Killed Pikel
  5105 | D:5      | Reached skill level 7 in Unarmed Combat
  5105 | D:5      | Your scales start taking on a lurid green colour.
  5105 | D:5      | Reached XP level 7. HP: 29/52 MP: 5/13
  5105 | D:5      | Gained mutation: Your system is resistant to poisons.
                  | (rPois) [Green Draconian growth]
  5441 | D:5      | Reached XP level 8. HP: 53/59 MP: 12/14
  5463 | D:5      | Reached skill level 5 in Transmutations
  5590 | D:5      | Reached skill level 8 in Unarmed Combat
  5590 | D:5      | Reached skill level 5 in Spellcasting
  5650 | D:5      | Found Japlid's Armour Emporium.
  6527 | D:6      | Reached XP level 9. HP: 29/64 MP: 14/17
  6539 | D:6      | Reached skill level 9 in Unarmed Combat
  7260 | D:7      | Noticed Menkaure
  7351 | D:7      | Noticed Prince Ribbit
  7368 | D:7      | Killed Prince Ribbit
  7523 | D:7      | Found a staircase to the Ecumenical Temple.
  7575 | D:7      | Killed Menkaure
  7617 | Temple   | Entered the Ecumenical Temple
  7756 | Temple   | Became a worshipper of the Wu Jian Council
  7781 | D:7      | Identified the +1 whip "Vaaros" {protect, rElec rC- Dex+5
                  | SInv}
  7798 | D:7      | Learned a level 4 spell: Ice Form
  7804 | D:7      | Learned a level 5 spell: Blade Hands
  7813 | D:7      | Found a snail-covered altar of Cheibriados.
  7813 | D:7      | Found Cheibriados's Comfort Zone.
  7948 | D:7      | Reached skill level 10 in Unarmed Combat
  8705 | D:8      | Found a stormy altar of Qazlal.
  9140 | D:8      | Reached XP level 10. HP: 70/71 MP: 20/20
  9253 | D:9      | Reached * piety under Wu Jian
  9567 | D:9      | Found a staircase to the Lair.
  9650 | D:9      | Reached skill level 11 in Unarmed Combat
 10384 | D:9      | Found a blossoming altar of Fedhas.
 10419 | D:9      | Noticed an orange demon
 10716 | D:9      | Found a shattered altar of Ashenzari.
 10964 | D:9      | Noticed an unseen horror
 11006 | D:9      | Killed an unseen horror
 11006 | D:9      | Reached skill level 12 in Unarmed Combat
 11158 | D:9      | Got a faintly glowing lapis lazuli ring
 11225 | D:9      | Identified the ring of Brilliance {Int+5 Dex+3} (You found
                  | it on level 9 of the Dungeon)
 11397 | D:10     | Entered Level 10 of the Dungeon
 11420 | D:10     | Noticed Nergalle
 11447 | D:10     | Killed Nergalle
 11447 | D:10     | Reached XP level 11. HP: 25/77 MP: 5/23
 11732 | D:10     | Found a runed translucent door.
 11732 | D:10     | Noticed a two-headed ogre
 11741 | D:10     | Reached ** piety under Wu Jian
 11751 | D:10     | Noticed a two-headed ogre
 12131 | D:10     | Found a radiant altar of Vehumet.
 12648 | D:10     | Noticed Maggie
 13006 | D:10     | Killed a two-headed ogre
 13266 | Lair:1   | Entered Level 1 of the Lair of Beasts
 13436 | D:10     | Killed Maggie
 14290 | Lair:2   | Reached skill level 13 in Unarmed Combat
 14951 | Lair:2   | Found a staircase to the Shoals.
 15138 | Lair:2   | Noticed a seven-headed hydra
 15146 | Lair:2   | Killed a seven-headed hydra
 15199 | Lair:2   | Noticed Gastronok
 15215 | Lair:2   | Killed Gastronok
 15548 | Lair:2   | Found a hole to the Spider Nest.
 15656 | Lair:2   | Noticed an oklob plant
 15656 | Lair:2   | Noticed an oklob plant
 15657 | Lair:2   | Noticed an oklob plant
 15738 | Lair:3   | Reached XP level 12. HP: 61/90 MP: 12/25
 15747 | Lair:3   | Reached skill level 10 in Transmutations
 16172 | Lair:3   | Noticed Snorg
 16182 | Lair:3   | Killed Snorg
 16236 | Lair:3   | Noticed a seven-headed hydra
 16246 | Lair:3   | Killed a seven-headed hydra
 16246 | Lair:3   | Reached skill level 14 in Unarmed Combat
 16521 | Lair:3   | Reached skill level 5 in Fighting
 16906 | Lair:3   | Noticed a four-headed hydra
 16915 | Lair:3   | Killed a four-headed hydra
 17286 | Lair:3   | Learned a level 7 spell: Dragon Form
 17504 | Lair:4   | Reached *** piety under Wu Jian
 17596 | Lair:4   | Noticed a five-headed hydra
 17746 | Lair:4   | Reached skill level 10 in Spellcasting
 17914 | Lair:4   | Found an ornate altar of the Wu Jian Council.
 18029 | Lair:4   | Noticed an eight-headed hydra
 18047 | Lair:4   | Killed a five-headed hydra
 18405 | Lair:4   | Killed a 12-headed hydra
 18812 | Lair:4   | Noticed an eight-headed hydra
 18820 | Lair:4   | Killed a nine-headed hydra
 18820 | Lair:4   | Reached XP level 13. HP: 101/101 MP: 12/27
 20445 | Lair:5   | Found a runed translucent gate.
 20446 | Lair:5   | Found a runed translucent gate.
 20447 | Lair:5   | Found a runed translucent gate.
 20450 | Lair:5   | Noticed Bodu's ghost (journeyman NaFi)
 20652 | Lair:5   | Killed Bodu's ghost
 20657 | Lair:5   | Reached **** piety under Wu Jian
 20973 | Lair:6   | Entered Level 6 of the Lair of Beasts
 21434 | Lair:6   | Found a viscous altar of Jiyva.
 21434 | Lair:6   | Found a staircase to the Slime Pits.
 23592 | Lair:6   | Reached skill level 15 in Transmutations
 23778 | Lair:6   | Noticed a fire dragon
 23783 | Lair:6   | Killed a fire dragon
 24072 | D:10     | Reached ***** piety under Wu Jian
 24192 | D:11     | Noticed Grum
 24200 | D:11     | Killed Grum
 24476 | D:11     | Gained mutation: Your tail ends in a poisonous barb. [Green
                  | Draconian growth]
 24476 | D:11     | Reached XP level 14. HP: 106/106 MP: 20/28
 24481 | D:11     | Noticed Psyche
 24487 | D:11     | Killed Psyche
 24807 | D:11     | Found a sacrificial altar of Ru.
 25449 | D:12     | Found a staircase to the Orcish Mines.
 25658 | D:12     | Found Tal Umas's Armour Shoppe.
 26032 | Orc:1    | Entered Level 1 of the Orcish Mines
 26503 | Orc:1    | Found a frozen archway.
 26513 | IceCv    | Entered an ice cave
 27445 | IceCv    | Noticed a frost giant
 27457 | IceCv    | Killed a frost giant
 27457 | IceCv    | Reached skill level 10 in Fighting
 27462 | IceCv    | Reached ****** piety under Wu Jian
 28205 | Orc:2    | Entered Level 2 of the Orcish Mines
 28205 | Orc:2    | Found a staircase to the Elven Halls.
 28426 | Orc:2    | Found Foggor's General Store.
 28447 | Orc:2    | Found Fathrudd's Distillery.
 28630 | Orc:2    | Bought a scroll of identify for 22 gold pieces
 28840 | Orc:2    | Reached XP level 15. HP: 58/130 MP: 10/29
 29339 | Orc:2    | Found a runed translucent gate.
 29339 | Orc:2    | Found a runed translucent gate.
 30226 | Orc:2    | Found Gum Aqac's Antique Weapon Boutique.
 30226 | Orc:2    | Found a one-way gate leading to the halls of Pandemonium.
 30226 | Orc:2    | Found Arure's Book Shop.
 30519 | Orc:2    | Found a runed translucent gate.
 30521 | Orc:2    | Found an opulent altar of Gozag.
 30539 | Orc:2    | Noticed p0werm0de's ghost (journeyman DDFi)
 30540 | Orc:2    | Found Qoapsogg's Assorted Antiques.
 30541 | Orc:2    | Found Paego's Assorted Antiques.
 30567 | Orc:2    | Killed p0werm0de's ghost
 30879 | Orc:2    | Bought a scroll of identify for 48 gold pieces
 31180 | D:13     | Reached skill level 15 in Unarmed Combat
 32000 | D:14     | Gained mutation: You do not regenerate when monsters are
                  | visible. [mutagenic glow]
 32050 | D:14     | Gained mutation: Your spells are a little easier to cast,
                  | but a little less powerful. [mutagenic glow]
 32088 | D:14     | Reached skill level 5 in Dodging
 32126 | D:14     | Gained mutation: You are weak. (Str -2) [mutagenic glow]
 32409 | D:14     | Found a gate to the Vaults.
 32702 | D:14     | Found Qigum's Antique Armour Emporium.
 33056 | D:15     | Entered Level 15 of the Dungeon
 33559 | D:15     | Reached skill level 16 in Unarmed Combat
 33777 | D:15     | Found a staircase to the Depths.
 34164 | D:15     | Found a portal to a secret trove of treasure.
 34941 | Shoals:1 | Entered Level 1 of the Shoals
 35000 | Shoals:1 | Found Cuggis's Book Shoppe.
 35249 | Shoals:1 | Reached XP level 16. HP: 141/141 MP: 30/30
 35456 | Shoals:1 | Noticed Josephine
 35461 | Shoals:1 | Killed Josephine
 35481 | Shoals:1 | Noticed a kraken
 35490 | Shoals:1 | Killed a kraken
 36136 | Shoals:2 | Reached skill level 17 in Unarmed Combat
 38117 | Shoals:4 | Entered Level 4 of the Shoals
 38153 | Shoals:4 | Reached skill level 18 in Unarmed Combat
 39485 | Shoals:4 | Got a flickering amber ring
 39950 | Shoals:4 | Identified the ring of Himulut {Fire MR+} (You found it on
                  | level 4 of the Shoals)
 40722 | Shoals:4 | Reached XP level 17. HP: 148/148 MP: 24/31
 41029 | Shoals:4 | Identified the +8 hand axe of Obsession {drain, Int+2}
 41302 | Shoals:4 | Got a barnacled rune of Zot
 42178 | Spider:1 | Entered Level 1 of the Spider Nest
 42882 | Spider:1 | Reached skill level 19 in Unarmed Combat
 43638 | Spider:1 | Reached skill level 10 in Dodging
 45127 | Spider:2 | Found the +2 ratskin cloak {+Rats rPois rN+ Str-1 Int-1
                  | Dex+1}
 46007 | Spider:3 | Noticed Arachne
 46199 | Spider:3 | Killed Arachne
 46914 | Spider:4 | Entered Level 4 of the Spider Nest
 47048 | Spider:4 | Reached XP level 18. HP: 160/160 MP: 32/32
 47763 | Spider:4 | Reached skill level 20 in Unarmed Combat
 48368 | Spider:4 | Got a gossamer rune of Zot
 48685 | Vaults:1 | Entered Level 1 of the Vaults
 50075 | Vaults:1 | Paralysed by an ogre mage for 3 turns
 50522 | Vaults:1 | Reached skill level 15 in Fighting
 50808 | Vaults:2 | Noticed Frederick
 50815 | Vaults:2 | Killed Frederick
 50863 | Vaults:2 | Noticed Jory
 50870 | Vaults:2 | Killed Jory
 50870 | Vaults:2 | Reached skill level 21 in Unarmed Combat
 51081 | Vaults:2 | Reached XP level 19. HP: 170/170 MP: 33/33
 51408 | Vaults:2 | Found a staircase to the Crypt.
 51408 | Vaults:2 | Found an ancient bone altar of Kikubaaqudgha.
 51409 | Vaults:2 | Found a basalt altar of Yredelemnul.
 51691 | Vaults:2 | Paralysed by a floating eye for 3 turns
 52103 | Vaults:2 | Learned a level 6 spell: Statue Form
 52262 | Vaults:3 | You are sucked into a shaft and drop 1 floor!
 53167 | Vaults:3 | Cast into level 3 of the Abyss (a lich)
 53199 | Abyss:3  | Gained mutation: You occasionally shout uncontrollably at
                  | your foes. [a cacodemon]
 53355 | Vaults:3 | Escaped the Abyss
 53777 | Vaults:3 | Reached skill level 22 in Unarmed Combat
 54141 | Vaults:3 | Cast into level 4 of the Abyss (a lich)
 54141 | Abyss:4  | Found a corrupted altar of Lugonu.
 54173 | Abyss:4  | Gained mutation: Scrolls take you a little longer to read.
                  | [a neqoxec]
 54182 | Abyss:4  | Reached XP level 20. HP: 182/182 MP: 34/34
 54183 | Abyss:4  | Gained mutation: You sometimes yell uncontrollably at your
                  | foes. [a neqoxec]
 54186 | Vaults:3 | Escaped the Abyss
 54966 | Vaults:3 | Found a large runed translucent door.
 54966 | Vaults:3 | Found a large runed translucent door.
 54966 | Vaults:3 | Found a large runed translucent door.
 54966 | Vaults:3 | Found a large runed translucent door.
 54967 | Vaults:3 | Found a large runed translucent door.
 54967 | Vaults:3 | Found a large runed translucent door.
 54967 | Vaults:3 | Found a large runed translucent door.
 54967 | Vaults:3 | Found a large runed translucent door.
 54967 | Vaults:3 | Noticed Juteq's ghost (adept GnGl)
 55644 | Vaults:3 | Killed Juteq's ghost
 56262 | Vaults:4 | Found Murijif's Jewellery Shop.
 56282 | Vaults:4 | Found a runed translucent gate.
 56282 | Vaults:4 | Found a runed translucent gate.
 56282 | Vaults:4 | Noticed Juteq's ghost (adept GnGl)
 56283 | Vaults:4 | Found a runed translucent gate.
 56479 | Vaults:4 | Identified the Volume of the Vitriolic Blaze
 56875 | Vaults:4 | Reached skill level 23 in Unarmed Combat
 56877 | Vaults:4 | Noticed a golden dragon
 56904 | Vaults:4 | Killed a golden dragon
 57817 | Vaults:4 | Identified a scroll of acquirement
 57817 | Vaults:4 | Identified the +6 fustibalus "Silaes" {vorpal, Str+5 Dex+6}
                  | (You acquired it on level 4 of the Vaults)
 57817 | Vaults:4 | Identified the +0 hat "Peeptegy" {+Blink rElec rC- Int+10}
                  | (You acquired it on level 4 of the Vaults)
 57909 | Vaults:4 | Learned a level 5 spell: Alistair's Intoxication
 57911 | Vaults:5 | Entered Level 5 of the Vaults
 57954 | Vaults:5 | Reached XP level 21. HP: 192/192 MP: 35/35
 58082 | Vaults:5 | Noticed a golden dragon
 58630 | Vaults:4 | Killed a golden dragon
 59190 | Vaults:5 | Reached skill level 24 in Unarmed Combat
 59629 | Vaults:5 | Noticed a golden dragon
 59638 | Vaults:5 | Killed a golden dragon
 60443 | Vaults:5 | Got a silver rune of Zot
 60765 | Vaults:5 | Got a steaming granite ring
 60911 | Vaults:5 | Identified the Guide on the Doomed Entourage
 60976 | Vaults:5 | Reached XP level 22. HP: 204/204 MP: 32/36
 61681 | Vaults:5 | Identified the Compendium of Icy Evil
 61703 | Vaults:5 | Reached skill level 25 in Unarmed Combat
 62074 | Vaults:5 | Identified the ring of Leeffo Tesu {+Fly rN+ Str+2 Int-5
                  | Stlth-} (You found it on level 5 of the Vaults)
 62361 | Depths:1 | Entered Level 1 of the Depths
 62370 | Depths:1 | Found a gateway to Hell.
 63501 | Depths:2 | Killed from afar by a hell knight

Levels and vault maps discovered:
D:1:      dpeg_arrival_ratfight, layout_loops_ring
D:2:      layout_basic, serial_glass, glass_columns_b, glass_columns_b,
          glass_columns_a, glass_columns_a, glass_columns_a, glass_columns_b,
          first_ration, minmay_misc_feat_tiny, chequers_serial_rivers_micro_e,
          serial_bayou_pond_a
D:3:      layout_loops_ring, minmay_goblin_outpost
D:4:      layout_loops_cross, nicolae_overflow_quartered_altars
D:5:      layout_basic, serial_shops, kennysheep_little_box, uniq_pikel
D:6:      layout_basic
D:7:      layout_rooms, minmay_temple_entry_junction, minmay_shop_chei,
          grunt_ministairs_13, uniq_menkaure, uniq_prince_ribbit1
D:8:      layout_loops_corners, nicolae_qazlal_style_of_elements
D:9:      minmay_the_grid_triangle_9x9_recursive_2_mashed
          [minmay_the_grid_triangle_9x9_prize_center,
          minmay_the_grid_triangle_9x9_corrupted_corridor,
          minmay_the_grid_triangle_9x9_limited_checkers,
          minmay_the_grid_triangle_9x9_shrine], layout_gridville,
          nicolae_ashenzari_panopticon, minmay_lair_entry_grove
D:10:     layout_basic, basic_altar, hangedman_pestilent_swarm,
          minmay_st_funbox, kennysheep_big_empty_room, uniq_maggie,
          uniq_nergalle
D:11:     layout_cross, basic_altar, uniq_grum, uniq_psyche
D:12:     layout_cave_pools, orc_david_3
D:13:     layout_loops_ring, drop_trap
D:14:     layout_loops_ring, david_vaults_1, serial_shops, shop,
          serial_park_square2
D:15:     gammafunk_enter_depths_forms, layout_basic,
          nicolae_trove_entry_crystal, minmay_misc_feat_enclosed
Temple:   eino_temple_rhombus
Lair:1:   layout_big_grid
Lair:2:   layout_loops_ring, shoals_dummy_entry, spider_nest_entry_funnel_web,
          minmay_lair_oklob_chamber, lemuel_fruit_fields, uniq_gastronok
Lair:3:   layout_regular_city, lemuel_fruit_fields, serial_bayou_shore_a,
          grunt_megastairs_4, uniq_snorg
Lair:4:   layout_misc_corridors, basic_altar, beast_lair_carwin_3
Lair:5:   layout_roguey, gammafunk_ghost_necromancy
Lair:6:   guppyfry_lair_end_dragon, layout_gridlike,
          dpeg_slime_entry_enclosed_altar, st_stairs_12
Shoals:1: layout_shoals, serial_shops, nicolae_shop_waterfront, yaktaur_hedge,
          uniq_josephine
Shoals:2: layout_shoals
Shoals:3: layout_shoals
Shoals:4: shoals_end_grunt_ice, layout_shoals
Spider:1: layout_spider_delve, drop_trap, zaba_anthell,
          hangedman_spider_tarantella_strand
Spider:2: layout_spider_delve
Spider:3: layout_spider_delve, drop_trap, uniq_arachne
Spider:4: spider_rune_water, drop_trap
Orc:1:    layout_caves, portal_ice_cave_rime
Orc:2:    pf_orc_diabolical, layout_caves, ebering_ghost_gozag, mines2_lemuel
Vaults:1: v_misc_12, nicolae_vaults_display_case, hangedman_vaults_snaps,
          vaults_room_hallway, nicolae_vaults_little_squares_1,
          vaults_dpeg_encased_lava, v_misc_26, v_misc_5,
          nicolae_vaults_ninety_degrees, vaults_room_semicircle,
          vaults_room_semicircle, layout_vaults_quadrants
Vaults:2: nicolae_vaults_what_the_h, vaults_room_pool, ontoclasm_vaults_fault,
          v_rooms_5, hangedman_vaults_slice, dpeg_vaults_waves,
          hangedman_vaults_slice, hangedman_vaults_locks,
          hangedman_vaults_pinch, minmay_crypt_entry_necro_gods,
          hangedman_vaults_corner_blocks, v_misc_8, layout_vaults_maze,
          mu_enter_wizlab_4, uniq_jory, uniq_frederick, uniq_margery
Vaults:3: advil_vaults_ghost_lines, nicolae_vaults_meeting, v_rooms_1, v_misc_9,
          ontoclasm_vaults_shuriken, v_alt_pattern_5, hangedman_vaults_trim,
          nicolae_vaults_shelves_hall, vaults_room_door_ring, v_misc_24,
          ontoclasm_vaults_twist, ontoclasm_vaults_gateway,
          layout_vaults_big_room
Vaults:4: gammafunk_vaults_ghost_split, st_greater_box_1, v_misc_8,
          vaults_dpeg_hooks, nicolae_vaults_circle_grid_b,
          nicolae_vaults_puzzle_piece, nicolae_vaults_shelves_hall,
          hangedman_vaults_stagger, ontoclasm_vaults_ligature, v_pattern_4,
          v_misc_26, vaults_dpeg_cross, vaults_room_pool,
          nicolae_vaults_shelves_hall, hangedman_vaults_capsules,
          layout_vaults_omnicross, serial_shops, shop
Vaults:5
Depths:1: minmay_glassy_protrusions, layout_cave_pools, hell_entry,
          roderic_serpentine_path, serial_bayou_pond_a,
          minmay_misc_feat_encased, minmay_guarded_unrand_wrath_of_trog
Depths:2: hangedman_slaughterboxes, serial_shops, hell_entry, pan_entry

Skill      XL: |  1  2  3  4  5  6  7  8  9 10 11 12 13 14 15 16 17 18 19 20 21 22 |
---------------+-------------------------------------------------------------------+-----
Unarmed Combat | 4 5 7 8 10 12 13 14 16 18 19 21 22 23 24 25 | 25.3
Transmutations | 3 4 6 7 8 9 12 15 16 | 16.0
Spellcasting   | 3 4 5 6 8 9 10 | 10.4
Fighting       | 3 6 12 14 15 16 17 18 19 | 19.3
Dodging        | 6 9 10 12 13 14 | 14.0

Action                   |  1- 3 |  4- 6 |  7- 9 | 10-12 | 13-15 | 16-18 | 19-21 | 22-24 || total
-------------------------+-------+-------+-------+-------+-------+-------+-------+-------++-------
Melee: Unarmed           |   149 |   159 |   305 |   570 |  1214 |  1164 |   851 |   165 ||  4577
       Headbutt          |    13 |     6 |     3 |    12 |     9 |       |       |       ||    43
       Kick              |     2 |       |       |       |       |       |       |       ||     2
       Tailslap          |     9 |     4 |    16 |    58 |   154 |   172 |   134 |    26 ||   573
       Punch             |     2 |     2 |     2 |    27 |    74 |   100 |    97 |    17 ||   321
       Whip              |       |       |       |    34 |       |       |       |       ||    34
       Bite              |       |       |       |     1 |    83 |   106 |    96 |    20 ||   306
Throw: Stone             |       |     5 |       |       |       |       |       |       ||     5
 Cast: Beastly Appendage |    19 |    12 |     2 |    10 |     6 |       |       |       ||    49
       Sticks to Snakes  |       |     5 |       |     1 |       |     2 |       |       ||     8
       Spider Form       |       |     7 |    22 |     8 |       |       |       |       ||    37
       Ice Form          |       |       |     3 |    14 |    12 |       |       |       ||    29
       Blade Hands       |       |       |       |    14 |     1 |       |       |       ||    15
       Dragon Form       |       |       |       |     2 |    45 |    66 |    52 |     8 ||   173
Invok: Lunge             |       |       |     7 |    53 |   119 |   126 |    91 |    19 ||   415
       Whirlwind         |       |       |       |    34 |    41 |    38 |    71 |     1 ||   185
       Heavenly Storm    |       |       |       |       |       |       |     1 |       ||     1
 Abil: Breathe Noxious F |       |       |     6 |    15 |     2 |       |       |       ||    23
       End Transformatio |       |       |       |     1 |     3 |       |       |       ||     4
Evoke: Wand              |       |       |       |     3 |     4 |     1 |       |       ||     8
  Use: Scroll            |     5 |     6 |     3 |    10 |    10 |     9 |     9 |     3 ||    55
       Potion            |       |     3 |     4 |       |     3 |     8 |     1 |     1 ||    20
 Stab: Sleeping          |     1 |       |     4 |     1 |       |     2 |     1 |       ||     9
       Confused          |       |       |     2 |     7 |     3 |       |       |       ||    12
       Distracted        |       |       |       |       |     2 |       |       |       ||     2
  Eat: Chunk             |     4 |    12 |    14 |    28 |    46 |    55 |    24 |     6 ||   189
       Ration            |       |       |     1 |     3 |    10 |     9 |    10 |     2 ||    35
Armor: Skin              |    60 |    84 |    43 |   156 |   584 |   336 |   192 |    55 ||  1510
Dodge: Dodged            |    98 |   120 |   202 |   267 |   374 |   756 |   456 |    80 ||  2353
Block: Other             |       |       |       |       |    14 |    81 |       |       ||    95
       Reflection        |       |       |       |       |     2 |     9 |       |       ||    11

Table legend:
 A = Non-vault XP
 B = Vault XP
 C = Vault XP percentage of total XP
 D = Non-vault monster count
 E = Vault monster count
 F = Vault count percentage of total count
                 A         B        C        D         E       F
            +---------+---------+-------+---------+---------+-------
      Total |  362879 |  402373 |  52.6 |    1074 |     614 |  36.4
            +---------+---------+-------+---------+---------+-------
        D:1 |      20 |       5 |  20.0 |      10 |       5 |  33.3
        D:2 |      33 |       0 |   0.0 |      10 |       0 |   0.0
        D:3 |     191 |       6 |   3.0 |      27 |       4 |  12.9
        D:4 |     336 |       0 |   0.0 |      15 |       0 |   0.0
        D:5 |     976 |     685 |  41.2 |      21 |       1 |   4.5
        D:6 |    1104 |       0 |   0.0 |      24 |       0 |   0.0
        D:7 |     429 |     766 |  64.1 |       6 |       4 |  40.0
        D:8 |    1091 |       0 |   0.0 |      16 |       0 |   0.0
        D:9 |    1071 |    3562 |  76.9 |      28 |      20 |  41.7
       D:10 |    2233 |    3900 |  63.6 |      25 |      15 |  37.5
       D:11 |    3271 |     953 |  22.6 |      36 |       5 |  12.2
       D:12 |    3612 |     278 |   7.1 |      26 |       6 |  18.8
       D:13 |    6942 |       0 |   0.0 |      35 |       0 |   0.0
       D:14 |   13312 |    2758 |  17.2 |      41 |       4 |   8.9
       D:15 |    5112 |    4903 |  49.0 |      12 |      12 |  50.0
     Lair:1 |    2325 |     216 |   8.5 |       8 |       1 |  11.1
     Lair:2 |    1980 |    3167 |  61.5 |       6 |       4 |  40.0
     Lair:3 |    4907 |    2496 |  33.7 |      17 |       7 |  29.2
     Lair:4 |    7956 |    2527 |  24.1 |      25 |       6 |  19.4
     Lair:5 |    3876 |    2808 |  42.0 |      12 |       5 |  29.4
     Lair:6 |   10222 |    3870 |  27.5 |      39 |      15 |  27.8
   Shoals:1 |   13617 |    2058 |  13.1 |      24 |       5 |  17.2
   Shoals:2 |   15024 |       0 |   0.0 |      37 |       0 |   0.0
   Shoals:3 |   14363 |       0 |   0.0 |      29 |       0 |   0.0
   Shoals:4 |   11618 |   20820 |  64.2 |      22 |      32 |  59.3
   Spider:1 |   17059 |    7449 |  30.4 |      43 |      47 |  52.2
   Spider:2 |   20242 |       0 |   0.0 |      54 |       0 |   0.0
   Spider:3 |   11681 |    3649 |  23.8 |      21 |       1 |   4.5
   Spider:4 |    7993 |   20945 |  72.4 |      23 |      43 |  65.2
      Orc:1 |    5233 |     724 |  12.2 |      66 |       2 |   2.9
      Orc:2 |    5326 |   20466 |  79.4 |      61 |      59 |  49.2
   Vaults:1 |   24046 |   14169 |  37.1 |      34 |      18 |  34.6
   Vaults:2 |   16182 |   30857 |  65.6 |      34 |      36 |  51.4
   Vaults:3 |   23431 |   37797 |  61.7 |      39 |      47 |  54.7
   Vaults:4 |   33201 |   67236 |  66.9 |      47 |      59 |  55.7
   Vaults:5 |   33718 |  110984 |  76.7 |      41 |      77 |  65.3
   Depths:1 |   14327 |    8088 |  36.1 |      23 |       8 |  25.8
   Depths:2 |       0 |   10104 | 100.0 |       0 |      15 | 100.0
    Abyss:3 |   19891 |       0 |   0.0 |      31 |       0 |   0.0
    Abyss:4 |    4928 |     904 |  15.5 |       6 |       1 |  14.3
      IceCv |       0 |   13223 | 100.0 |       0 |      50 | 100.0
            +---------+---------+-------+---------+---------+-------
